 Dungeon Crawl Stone Soup version 0.21.0-25-ge575cb9 (webtiles) character file.

492 Moloch the Slasher (level 6, -1/48 HPs)
             Began as a Mummy Fighter on Jan 23, 2018.
             Killed by divine providence
             ... invoked by an orc priest
              (12 damage)
             ... on level 3 of the Dungeon.
             The game lasted 00:06:25 (3689 turns).

Moloch the Slasher (Mummy Fighter)                  Turns: 3689, Time: 00:06:26

Health: -1/48      AC:  8    Str: 19    XL:     6   Next: 91%
Magic:  6/6        EV:  7    Int:  7    God:
Gold:   140        SH:  9    Dex: 14    Spells: 5/5 levels left

rFire    x . .     SeeInvis .   a - +0 long sword
rCold    + . .     Gourm    .   c - +0 shield
rNeg     + + +     Faith    .   o - +1 ring mail {MR+}
rPois    ∞         Spirit   .   (no helmet)
rElec    .         Reflect  .   (no cloak)
rCorr    .         Harm     .   h - +1 pair of gloves
MR       +....                  (no boots)
Stlth    +.........             (no amulet)
HPRegen  0.16/turn              (no ring)
MPRegen  0.10/turn              (no ring)

@: no status effects
A: no food or potions, fire vulnerability, cold resistance 1, negative energy
resistance 3, torment resistance, unbreathing
a: no special abilities


You were on level 3 of the Dungeon.
You were not hungry.

You visited 1 branch of the dungeon, and saw 4 of its levels.

You collected 140 gold pieces.

Inventory:

Hand Weapons
 a - a +0 long sword (weapon)
Missiles
 l - 4 javelins (quivered)
 m - 2 tomahawks of returning
 n - 9 tomahawks
Armour
 c - a +0 shield (worn)
 h - a +1 pair of gloves (worn)
 o - a +1 ring mail of magic resistance (worn)
Scrolls
 b - a scroll of blinking {unknown}
 d - 2 scrolls of teleportation {unknown}
 e - 4 scrolls of remove curse
 f - a scroll of fog {unknown}
 g - a scroll of enchant weapon {unknown}
 i - a scroll of amnesia {unknown}
 j - 2 scrolls of identify {unknown}
 k - a scroll of immolation {unknown}


   Skills:
 + Level 4.2 Fighting
 * Level 5.7 Long Blades
 - Level 2.4 Armour
 - Level 2.4 Shields


You had 5 spell levels left.
You didn't know any spells.

Dungeon Overview and Level Annotations

Branches:
Dungeon (4/15)
 Temple: D:4-7

Altars:
Gozag
Trog

Annotations:
D:4 Sigmund


Innate Abilities, Weirdness & Mutations

You do not eat or drink.
Your flesh is vulnerable to fire.
You are immune to poison.
Your flesh is cold resistant. (rC+)
You are immune to negative energy. (rN+++)
You are immune to unholy pain and torment.
You can survive without breathing.


Message History

The orc priest calls down the wrath of Beogh upon you.
Beogh smites you!
You hit the orc priest.
The orc priest is almost dead.
The orc priest hits you but does no damage.
You barely miss the orc priest.
The orc priest is almost dead.
The orc priest mumbles some strange prayers to Beogh against you.
Beogh smites you!
The orc priest calls down the wrath of Beogh upon you.
Beogh smites you!
* * * LOW HITPOINT WARNING * * *
You barely miss the orc priest.
The orc priest is almost dead.
The orc priest hits you but does no damage.
You barely miss the orc priest.
The orc priest is almost dead.
The orc priest calls down the wrath of Beogh upon you.
Beogh smites you!
You die...

##.######..#.........†#..# #.#
#..#.............###### #.#
#..#.#................. #.#
#..#.#..#.###.#..#.....
#.######..#.#..#.###.#..#.####
#......#..#.#..#.##.....#.#
######.#..#....#.##..##.#.####
#......o#.#.##..##.#.#...
#....#.#@.......##.#.#.##
######.##)#.##.###.#.#.#
#...o.)...!......#.#.#
#......##.#.######.#.#
#......'..#.)........#
#......##+#+#[####.#.#
#.......o..........####
#......(.>.............
#.................#####


You could see an orc priest.

Vanquished Creatures
  A phantom (D:4)
  A scorpion (D:4)
  2 orc priests
  2 orc wizards
  Jessica (D:3)
  3 worker ants
  4 adders
  An ooze (D:3)
  2 worms (D:3)
  3 dart slugs (D:1)
  3 leopard geckos
  20 orcs (D:3)
  2 giant cockroaches
  5 goblins
  2 hobgoblins (D:2)
  10 jackals
  2 ball pythons
  6 bats
  5 frilled lizards
  8 kobolds
  6 rats
89 creatures vanquished.

Notes
Turn   | Place    | Note
-------+----------+-------------------------------------------
     0 | D:1      | Moloch the Mummy Fighter began the quest for the Orb.
     0 | D:1      | Reached XP level 1. HP: 18/18 MP: 1/1
    73 | D:1      | Reached skill level 2 in Long Blades
    87 | D:1      | Reached XP level 2. HP: 18/24 MP: 2/2
   700 | D:1      | Reached XP level 3. HP: 26/29 MP: 3/3
   927 | D:2      | Noticed Sigmund
  1816 | D:3      | Found a bloodstained altar of Trog.
  1828 | D:3      | Reached skill level 3 in Long Blades
  1930 | D:3      | Found an opulent altar of Gozag.
  2163 | D:3      | Reached XP level 4. HP: 35/35 MP: 4/4
  2413 | D:3      | Reached XP level 5. HP: 37/42 MP: 5/5
  2508 | D:3      | Reached skill level 4 in Long Blades
  2626 | D:3      | Noticed Jessica
  2632 | D:3      | Killed Jessica
  2805 | D:4      | Noticed a phantom
  2827 | D:3      | Reached XP level 6. HP: 35/48 MP: 6/6
  2928 | D:4      | Reached skill level 5 in Long Blades
  3689 | D:3      | Killed from afar by an orc priest

Skill      XL: |  1  2  3  4  5  6 |
---------------+-------------------+-----
Long Blades    | 2 3 4 5 |  5.7
Fighting       | 4 |  4.2
Armour         | |  2.4
Shields        | |  2.4

Action                   |  1- 3 |  4- 6 || total
-------------------------+-------+-------++-------
Melee: Long sword        |   173 |   214 ||   387
  Use: Scroll            |       |     1 ||     1
Armor: Scale mail        |    92 |    63 ||   155
       Ring mail         |       |    42 ||    42
Dodge: Dodged            |    53 |    72 ||   125
Block: Shield            |    78 |    96 ||   174
       Rpst.: Long sword |    15 |    23 ||    38
